 Dungeon Crawl Stone Soup version 0.31-a0-210-gccc998df9b (webtiles) character file.

Game seed: 595870418232475038

1201 pokeman the Thaumaturge (level 8, -11/44 HPs)
             Began as a Deep Elf Hedge Wizard on June 30, 2023.
             Was an Initiate of Vehumet.
             Mangled by Maggie
             ... wielding a +1 war axe of flaming
              (12 damage)
             ... on level 6 of the Dungeon.
             The game lasted 00:11:22 (5178 turns).

pokeman the Thaumaturge (Deep Elf Hedge Wizard)     Turns: 5178, Time: 00:11:23

Health: -11/44     AC:  3    Str:  7    XL:     8   Next: 21%
Magic:  17/22      EV: 13    Int: 22    God:    Vehumet [......]
Gold:   196        SH:  0    Dex: 14    Spells: 10/23 levels left

rFire   + . .        a - +0 dagger
rCold   . . .        (no shield)
rNeg    . . .        b - +0 robe
rPois   +            r - +0 helmet
rElec   .            (no cloak)
rCorr   .            (no gloves)
SInv    .            (no boots)
Will    .....        (no amulet)
Stlth   ++           u - ring of protection from fire
HPRegen 0.27/turn    v - ring of poison resistance
MPRegen 0.18/turn

%: no passive effects
@: about to teleport, weak-willed, mesmerised
A: no striking features
a: Renounce Religion


You were on level 6 of the Dungeon.
You worshipped Vehumet.
Vehumet was noncommittal.
You visited 2 branches of the dungeon, and saw 8 of its levels.

You collected 196 gold pieces.

Inventory:

Hand Weapons
 a - a +0 dagger (weapon)
Missiles
 i - 2 throwing nets
Armour
 b - a +0 robe (worn)
 r - a +0 helmet (worn)
 y - a +2 ring mail of cold resistance
Jewellery
 q - an amulet of faith
 u - a ring of protection from fire (left hand)
 v - a ring of poison resistance (right hand)
Scrolls
 g - 4 scrolls of identify {unknown}
 h - a scroll of fog {unknown}
 k - a scroll of fear {unknown}
 n - a scroll of revelation {unknown}
 o - a scroll of enchant weapon {unknown}
 s - a scroll of torment {unknown}
Potions
 c - a potion of brilliance {unknown}
 d - 2 potions of magic
 j - a potion of enlightenment {unknown}
 l - 2 potions of mutation {unknown}
 m - 2 potions of lignification {unknown}
 p - 2 potions of cancellation {unknown}
 t - a potion of attraction {unknown}
 w - 2 potions of degeneration {unknown}
 x - a potion of heal wounds {unknown}
 z - a potion of resistance {unknown}


   Skills:
 - Level 2.1 Fighting
 + Level 1.6 Armour
 - Level 3.0 Dodging
 - Level 3.0 Stealth
 * Level 8.4 Spellcasting
 + Level 6.4 Conjurations
 - Level 1.1 Summonings
 - Level 1.1 Translocations
 + Level 2.7 Ice Magic
 - Level 1.1 Air Magic
 - Level 1.4 Poison Magic


You had 10 spell levels left.
You knew the following spells:

 Your Spells              Type           Power      Damage    Failure   Level
a - Magic Dart            Conj           100%       1d8       1%          1
b - Mephitic Cloud        Conj/Pois/Air  22%        N/A       6%          3
c - Call Imp              Summ           28%        N/A       7%          2
d - Blink                 Tloc           28%        N/A       7%          2
e - Freezing Cloud        Conj/Ice/Air   12%        6-21      43%         5

Your spell library contained the following spells:

 Spells                   Type           Power      Damage    Failure   Level
 Ensorcelled Hibernation  Hex/Ice        30%        N/A       6%          2
 Slow                     Hex            36%        N/A       7%          1
 Cigotuvi's Dreadful Rot  Necr/Pois/Air  26%        N/A       8%          2
 Passwall                 Tmut/Erth      7%         N/A       11%         2
 Swiftness                Air            14%        N/A       14%         3
 Leda's Unmaking          Conj/Erth      11%        9d3       96%         6
 Shatter                  Erth           4%         3d8*      100%        9


Dungeon Overview and Level Annotations

Branches:
Dungeon (7/15)             Temple (1/1) D:7

Altars:
Nemelex Xobeh
Vehumet
Zin
The Shining One

Shops:
D:1 (   D:4 (

Annotations:
D:6 Maggie


Message History

The iguana is severely wounded.
Maggie points at you and mumbles some strange words.
The bolt of fire hits you. You resist.
* * * LOW HITPOINT WARNING * * *
Casting: Mephitic Cloud (dangerous; 6% risk of failure)
Confirm with . or Enter, or press ? or * to list all spells.
Aiming: Mephitic Cloud (dangerous; 6% risk of failure)
Press: ? - help, Shift-Dir - straight line, f/p - iguana
Aim: an iguana (heavily wounded, confused, chance to affect: 86%)
The ball explodes into a vile cloud!
The stinking cloud engulfs the iguana but does no damage.
The iguana is heavily wounded.
The stinking cloud engulfs you but does no damage.
The iguana is engulfed in noxious fumes.
The iguana appears confused.
The iguana closely misses you.
The iguana bites itself but does no damage.
You cannot move away from Maggie!
Casting: Mephitic Cloud (dangerous; 6% risk of failure)
Confirm with . or Enter, or press ? or * to list all spells.
Aiming: Mephitic Cloud (dangerous; 6% risk of failure)
Press: ? - help, Shift-Dir - straight line, f - Maggie, p - iguana
Aim: Maggie, wielding a +1 war axe of flaming and wearing +0 swamp dragon scales (mesmerising, chance to affect: 77%)
Okay, then.
Unknown command.
You aren't carrying any items that you can evoke.
Unknown command.
As you read the scroll labelled ZUATIF JOUCURO, it crumbles to dust.
Magic quickly surges around you.
It was a scroll of vulnerability.
As you read the scroll labelled CIGYUNLAITZ, it crumbles to dust.
You feel strangely unstable.
It was a scroll of teleportation.
The iguana is engulfed in noxious fumes.
The iguana appears confused.
Maggie practices a pose.
Maggie hits you with a +1 war axe of flaming!
* * * LOW HITPOINT WARNING * * *
Maggie burns you.
* * * LOW HITPOINT WARNING * * *
Unknown command.
Maggie hits you with a +1 war axe of flaming!
You die...

#.... #.# #...... #.#
..... #.#
......###.#########
..................
#.######.#########
..#.###°######........
......l@°.........####
.#.###@#########.....
#........ .....
######### ####


You could see Maggie (mesmerising, weak-willed) and an iguana (confused,
weak-willed).

Vanquished Creatures
  Sigmund (D:3)
  A steam dragon (D:5)
  An ice beast (D:7)
  A sky beast (D:6)
  A black bear (D:5)
  A scorpion (D:5)
  3 hounds
  3 jellies
  2 orc priests
  Jessica (D:3)
  An iguana (D:6)
  An orc wizard (D:7)
  4 adders
  An ufetubus (D:4)
  2 dart slugs (D:4)
  3 worms (D:2)
  11 orcs
  5 endoplasms
  5 goblins
  2 hobgoblins
  2 jackals (D:1)
  5 quokkas
  5 ball pythons
  2 bats
  3 frilled lizards
  9 kobolds
  2 rats
78 creatures vanquished.

Vanquished Creatures (collateral kills)
  An orc warrior (D:7)
  A sleepcap (D:4)
2 creatures vanquished.

Grand Total: 80 creatures vanquished

Notes
Turn   | Place    | Note
-------+----------+-------------------------------------------
     0 | D:1      | pokeman the Deep Elf Hedge Wizard began the quest for the
                  | Orb.
     0 | D:1      | Reached XP level 1. HP: 10/10 MP: 7/7
   263 | D:1      | Reached XP level 2. HP: 15/15 MP: 7/9
   284 | D:1      | Found a faded altar of an unknown god.
   591 | D:1      | Found Rufoz's Weapon Shop.
   745 | D:1      | Reached skill level 5 in Spellcasting
  1005 | D:2      | Reached XP level 3. HP: 16/20 MP: 4/11
  1026 | D:2      | Learned a level 3 spell: Mephitic Cloud
  1029 | D:2      | Learned a level 2 spell: Call Imp
  1032 | D:2      | Learned a level 2 spell: Blink
  1197 | D:2      | Reached skill level 1 in Armour
  1894 | D:3      | Reached skill level 1 in Fighting
  1973 | D:3      | Noticed Sigmund
  1985 | D:3      | Killed Sigmund
  1986 | D:3      | Reached skill level 5 in Conjurations
  1986 | D:3      | Reached XP level 4. HP: 21/25 MP: 10/13
  1986 | D:3      | Reached XP level 5. HP: 25/29 MP: 10/14
  2172 | D:3      | Noticed Jessica
  2175 | D:3      | Killed Jessica
  2383 | D:3      | Found a sparkling altar of Nemelex Xobeh.
  2780 | D:4      | Reached XP level 6. HP: 34/34 MP: 11/16
  2814 | D:4      | Got the Parchment of Amathomancy and the Icicle
  2828 | D:4      | Learned a level 5 spell: Freezing Cloud
  2920 | D:4      | Found Xeiwutez's Weapon Shop.
  3349 | D:4      | Reached skill level 6 in Spellcasting
  3990 | D:5      | Entered Level 5 of the Dungeon
  4005 | D:5      | Reached skill level 1 in Ice Magic
  4005 | D:5      | Reached skill level 1 in Air Magic
  4136 | D:5      | Reached XP level 7. HP: 21/38 MP: 11/19
  4228 | D:5      | Noticed a steam dragon
  4248 | D:5      | Killed a steam dragon
  4249 | D:5      | Reached skill level 7 in Spellcasting
  4249 | D:5      | Reached skill level 1 in Poison Magic
  4314 | D:5      | You fall into a shaft and drop 2 floors!
  4324 | D:7      | Found a staircase to the Ecumenical Temple.
  4333 | Temple   | Entered the Ecumenical Temple
  4337 | Temple   | Became a worshipper of Vehumet
  4681 | D:7      | Reached skill level 8 in Spellcasting
  4681 | D:7      | Reached XP level 8. HP: 15/44 MP: 5/22
  5167 | D:6      | Noticed Maggie
  5177 | D:6      | HP: 1/44 [Maggie/+1 war axe of flaming (2)]
  5178 | D:6      | Mangled by Maggie

Illustrated notes

Levels and vault maps discovered:
D:1:      dpeg_arrival_shelter, layout_basic,
          hellmonk_ecumenical_altar_arch_garden, serial_shops,
          nicolae_shop_tiny_waterfront, minmay_crystal_water
D:2:      layout_loops_ring, minmay_circled_x
D:3:      layout_basic, nemelex_altar_shiori, uniq_jessica, uniq_sigmund
D:4:      layout_basic, serial_shops, nicolae_shop_getting_attention
D:5:      layout_gridville, lemuel_tele_altar
D:6:      layout_basic, nicolae_overflows_in_rows, nicolae_ossuary_entry_giza,
          hangedman_decor_peaks_small, minmay_fire_ice_demons, uniq_duvessa,
          uniq_maggie, uniq_prince_ribbit1
D:7:      layout_basic, minmay_temple_entry_grid, st_stairs_4
Temple:   compressed_dpeg_circular_temple

Skill      XL: |  1  2  3  4  5  6  7 |
---------------+----------------------+-----
Spellcasting   | 5 6 8 |  8.4
Armour         | 1 |  1.6
Conjurations   | 5 6 |  6.4
Fighting       | 1 2 |  2.1
Dodging        | 3 |  3.0
Stealth        | 3 |  3.0
Ice Magic      | 1 2 |  2.7
Air Magic      | 1 |  1.1
Poison Magic   | 1 |  1.4
Summonings     | |  1.1
Translocations | |  1.1

Action                     |  1- 3 |  4- 6 |  7- 9 || total
---------------------------+-------+-------+-------++-------
  Melee: Dagger            |    38 |    17 |    67 ||   122
         Punch             |     1 |       |     5 ||     6
   Cast: Magic Dart        |    85 |    57 |    51 ||   193
         Mephitic Cloud    |     4 |     3 |    16 ||    23
         Call Imp          |       |     3 |     2 ||     5
         Blink             |       |       |     1 ||     1
    Use: Scroll            |       |       |     2 ||     2
   Stab: Confused          |     3 |     2 |    15 ||    20
         Sleeping          |       |     1 |       ||     1
 Armour: Robe              |    10 |     9 |    12 ||    31
  Dodge: Dodged            |    27 |    17 |    45 ||    89

Table legend: (Time is in decaauts)
 A = Elapsed time spent in this place.
 B = Non-inter-level travel time spent in this place.
 C = Inter-level travel time spent in this place.
 D = Time resting spent in this place.
 E = Time spent auto-exploring this place.
 F = Levels seen in this place.
 G = Mean time per level.
                   A        B        C        D        E       F      G
               +--------+--------+--------+--------+--------+-----+--------+
         Total |   5179 |   4869 |    310 |    209 |   3674 |   8 |  647.4 |
       Dungeon |   4924 |   4614 |    310 |      0 |   3674 |   7 |  703.4 |
        Temple |    255 |    255 |      0 |    209 |      0 |   1 |  255.0 |
               +--------+--------+--------+--------+--------+-----+--------+

Top non-repeatable levels by time:
     D:3: 1180 daAuts
     D:2: 994 daAuts
     D:4: 924 daAuts
     D:1: 889 daAuts
     D:7: 439 daAuts
     D:5: 323 daAuts
  Temple: 255 daAuts
     D:6: 172 daAuts
